[Event "MCC Online Open Championship"]
[Site "Chess.com"]
[Date "2020.12.22"]
[Round "8"]
[White "Zane Eisen"]
[Black "Yili Wen"]
[Result "1-0"]
[ECO "E48"]
[WhiteElo "2154"]
[BlackElo "2109"]
[TimeControl "4200+5"]
[Termination "Zane Eisen won by resignation"]

1. d4 Nf6 2. c4 e6 3. Nc3 Bb4 4. e3 O-O 5. Bd3 d5 6. Ne2 dxc4 7. Bxc4 c5 8. O-O
cxd4 9. exd4 Nc6 10. Bg5 Be7 11. a3 h6 12. Be3 Bd6 13. Ng3 Ne7 14. Qd2 b6 15.
Bd3 Nfd5 16. Rad1 f5 17. f4 Bb7 18. Bc4 Rc8 19. Ba2 Qd7 20. Nge2 Kh7 21. a4 Bb4
22. Qd3 Ba8 23. Bd2 Bd6 24. Nb5 Bb8 25. Bb3 Nf6 26. Nec3 Rfd8 27. Qe2 Ne4 28.
Nxe4 Bxe4 29. Bc3 Nd5 30. g3 a6 31. Bxd5 Bxd5 32. Na3 Bd6 33. Qd2 Qxa4 34. Nc2
Be7 35. Rfe1 Qd7 36. Nb4 Bb7 37. h3 a5 38. Nd3 Qd5 39. Kh2 Qb3 40. Qe2 Bd5 41.
Ne5 Be4 42. Rd2 Ra8 43. g4 b5 44. gxf5 exf5 45. Qh5 Bf6 46. Qg6+ Kg8 47. Rg1
Bxe5 48. dxe5 Rxd2+ 49. Bxd2 Qf7 50. Qxh6 Bd5 51. e6 Bxe6 52. Bc3 Ra7 53. Rxg7+ 1-0

[Event "MCC Online Open Championship"]
[Site "Chess.com"]
[Date "2020.12.22"]
[Round "9"]
[White "Stanislav Busygin"]
[Black "GM Sergey Kudrin"]
[Result "0-1"]
[ECO "B72"]
[WhiteElo "2315"]
[BlackElo "2473"]
[TimeControl "4200+5"]
[Termination "GM Sergey Kudrin won by resignation"]

1. e4 c5 2. Nf3 d6 3. d4 cxd4 4. Nxd4 Nf6 5. Nc3 g6 6. Be3 a6 7. f3 Bg7 8. Qd2
h5 9. Bc4 Nbd7 10. Bb3 Nc5 11. O-O-O Bd7 12. Kb1 Rc8 13. Nd5 a5 14. a3 Nxb3 15.
Nxb3 Nxd5 16. exd5 a4 17. Nd4 Qc7 18. Rhe1 O-O 19. Bg5 Rfe8 20. Rc1 Qc4 21. Ne2
Rc5 0-1

[Event "MCC Online Open Championship"]
[Site "Chess.com"]
[Date "2020.12.22"]
[Round "9"]
[White "Evan Rosenberg"]
[Black "Kole H Moses"]
[Result "1-0"]
[ECO "A30"]
[WhiteElo "2234"]
[BlackElo "1237"]
[TimeControl "4200+5"]
[Termination "Evan Rosenberg won by resignation"]

1. Nf3 c5 2. c4 e6 3. Nc3 Nf6 4. g3 Nc6 5. Bg2 d5 6. cxd5 exd5 7. d4 cxd4 8.
Nxd4 Be6 9. O-O Bc5 10. Be3 Qb6 11. Na4 Qb4 12. Nxc5 Nxd4 13. Bxd4 O-O 14. a3
Qb5 15. b4 b6 16. Nd3 Ne4 17. Nf4 Rac8 18. Nxe6 fxe6 19. Bxe4 dxe4 20. Qd2 Rfd8
21. Qb2 Rd7 22. Be3 Rdc7 23. Rac1 Qd5 24. Rxc7 Rxc7 25. Rc1 Rxc1+ 26. Qxc1 h6
27. Kg2 Qb7 28. b5 Qd7 29. Qc6 Qe7 30. Qxe4 Qd7 31. a4 Kf8 32. Bd4 Kf7 33. h4 g6
34. e3 h5 35. Qf4+ Ke8 36. Bf6 Qd5+ 37. e4 Qb7 38. Kh2 a5 39. Qd6 Kf7 40. Qd8 g5 1-0

[Event "MCC Online Open Championship"]
[Site "Chess.com"]
[Date "2020.12.22"]
[Round "9"]
[White "IM Justin Joseph Sarkar"]
[Black "GM Kirill Stupak"]
[Result "0-1"]
[ECO "C16"]
[WhiteElo "2464"]
[BlackElo "2568"]
[TimeControl "4200+5"]
[Termination "GM Kirill Stupak won on time"]

1. e4 e6 2. d4 d5 3. Nc3 Bb4 4. e5 Qd7 5. Qg4 Bf8 6. h4 b6 7. h5 h6 8. Bb5 c6 9.
Bd3 Ba6 10. Bxa6 Nxa6 11. Qe2 Nb8 12. Nd1 c5 13. c3 Qa4 14. Nf3 Qa6 15. Qxa6
Nxa6 16. Ke2 Ne7 17. g4 Nc6 18. g5 cxd4 19. cxd4 Nab4 20. Be3 hxg5 21. Rc1 g4
22. Nd2 Ne7 23. Nc3 Nbc6 24. Rcg1 Nf5 25. Rxg4 g6 26. Nf3 gxh5 27. Rg5 h4 28.
Nxd5 O-O-O 29. Nf6 Ncxd4+ 30. Nxd4 Nxd4+ 31. Bxd4 Rxd4 32. Rg4 Rxg4 33. Nxg4 Be7
34. f4 Kb7 35. Rd1 Rd8 36. Rxd8 Bxd8 37. Nf2 Kc6 38. Kd3 Kd5 39. a4 Be7 40. Nh3
Kc5 41. b3 Kd5 42. Ke3 f6 43. exf6 Bxf6 44. Kd3 Be7 45. Nf2 a5 46. Nh3 e5 47.
fxe5 Kxe5 48. Ke3 Bc5+ 49. Kf3 Kd4 50. Nf4 Kc3 0-1

[Event "MCC Online Open Championship"]
[Site "Chess.com"]
[Date "2020.12.22"]
[Round "9"]
[White "Miguel Garcia"]
[Black "Roger Zhang"]
[Result "1-0"]
[ECO "A49"]
[WhiteElo "1995"]
[BlackElo "1943"]
[TimeControl "4200+5"]
[Termination "Miguel Garcia won by resignation"]

1. d4 Nf6 2. Nf3 g6 3. g3 Bg7 4. Bg2 O-O 5. c4 d6 6. Nc3 Nc6 7. O-O e5 8. dxe5
dxe5 9. Bg5 Qxd1 10. Raxd1 Ne8 11. b4 f6 12. b5 Na5 13. Be3 Nxc4 14. Bc5 Ncd6
15. Nd5 Be6 16. Nxc7 Nxc7 17. Bxd6 Rfc8 18. a4 Bf8 19. Nxe5 Bxd6 20. Rxd6 fxe5
21. Bxb7 Rd8 22. Rc6 Bh3 23. Rxc7 Bxf1 24. Kxf1 Rd1+ 25. Kg2 Rf8 26. a5 Rf7 27.
Rc8+ Kg7 28. a6 Rb1 29. Rc5 Re7 30. h4 Kf6 31. Bd5 Rb2 32. Bc4 e4 33. Rc8 Ke5
34. Rb8 Kd4 35. Rb7 Re5 36. Bg8 Rexb5 37. e3+ Kc5 38. Rxa7 Ra5 39. Rc7+ Kd6 40.
Rf7 Rb6 41. Bxh7 Raxa6 42. Bxg6 Ke5 43. h5 Rf6 44. Re7+ Rae6 45. Rg7 Ra6 46. g4
Ra2 47. Re7+ Kd6 48. Rxe4 Raxf2+ 49. Kg3 R2f3+ 50. Kh4 Re6 51. Rd4+ Kc5 52. Rd8
Rfxe3 53. Kg5 Rd6 54. Rf8 Re5+ 55. Bf5 Re7 56. h6 Rd5 57. Rc8+ Kd4 58. Kf6 Ra7
59. h7 Rxf5+ 60. Kxf5 Rxh7 61. g5 Rf7+ 62. Kg6 Rf1 63. Re8 Kd5 64. Kg7 Kd6 65.
g6 Kd7 66. Re2 Kd8 67. Kg8 Kd7 68. g7 Rf3 69. Re4 Kd6 70. Kh7 1-0

[Event "MCC Online Open Championship"]
[Site "Chess.com"]
[Date "2020.12.22"]
[Round "9"]
[White "Sajesh Naillikkal"]
[Black "Paul Keyworth"]
[Result "0-1"]
[ECO "B01"]
[WhiteElo "1454"]
[BlackElo "1499"]
[TimeControl "4200+5"]
[Termination "Paul Keyworth won by checkmate"]

1. e4 d5 2. exd5 Nf6 3. f4 Nxd5 4. d4 Bf5 5. a3 e6 6. Nf3 Bd6 7. g3 Nc6 8. Bd3
Bg4 9. Be2 Be7 10. O-O h5 11. c3 h4 12. Ne5 Bh3 13. Rf2 Nxe5 14. fxe5 hxg3 15.
hxg3 Bh4 16. Qd3 Bf5 17. Qf3 Bg5 18. Bxg5 Qxg5 19. Bd3 Rh3 20. Rg2 Bxd3 21. Qxd3
Qc1+ 22. Qf1 Rh1+ 23. Kxh1 Qxf1+ 24. Rg1 Qh3# 0-1

[Event "MCC Online Open Championship"]
[Site "Chess.com"]
[Date "2020.12.22"]
[Round "9"]
[White "Yili Wen"]
[Black "Advaith Vijayakumar"]
[Result "1-0"]
[ECO "A05"]
[WhiteElo "2109"]
[BlackElo "2026"]
[TimeControl "4200+5"]
[Termination "Yili Wen won by resignation"]

1. Nf3 Nf6 2. g3 e6 3. Bg2 d5 4. O-O Be7 5. c4 O-O 6. d4 Nbd7 7. Qc2 c6 8. Nbd2
b6 9. b3 c5 10. cxd5 exd5 11. Bb2 Ba6 12. Rfe1 Rc8 13. dxc5 Bxc5 14. Qd1 Qe7 15.
Nd4 Ne5 16. a3 Neg4 17. e4 Qe5 18. N2f3 Qh5 19. exd5 Nxd5 20. h3 Ngf6 21. Re5
Qg6 22. b4 Bd6 23. Nh4 Bxe5 24. Nxg6 hxg6 25. Rc1 Rxc1 26. Qxc1 Rc8 27. Qd2 Bc4
28. Nf3 Bxb2 29. Qxb2 Ne7 30. Qe5 Nc6 31. Qd6 Bd5 32. Ng5 Bxg2 33. Kxg2 Nd8 34.
Qe7 a6 35. Qa7 a5 36. b5 Nh7 37. Nxh7 Kxh7 38. Qxb6 Ne6 39. Qxa5 Rc2 40. Qb4 Nc5
41. Qh4+ Kg8 42. Qd4 Ne6 43. Qd3 Rb2 44. a4 Nc5 45. Qd8+ Kh7 46. b6 Rb4 47. a5
Na4 48. Qc7 Rb5 49. b7 1-0

[Event "MCC Online Open Championship"]
[Site "Chess.com"]
[Date "2020.12.22"]
[Round "9"]
[White "Cheryl Amber Lins"]
[Black "Pranav Shankar"]
[Result "0-1"]
[ECO "A13"]
[WhiteElo "1736"]
[BlackElo "1914"]
[TimeControl "4200+5"]
[Termination "Pranav Shankar won by resignation"]

1. c4 e6 2. Nc3 d5 3. e3 Nf6 4. Nf3 c5 5. d4 Nc6 6. cxd5 exd5 7. dxc5 Bxc5 8. a3
O-O 9. Bd3 Re8 10. O-O Bb6 11. h3 Bc7 12. Bb5 Qd6 13. Bxc6 bxc6 14. Ne2 Bb7 15.
b4 a5 16. Bd2 Ne4 17. Be1 Bc8 18. Nc3 Ng5 19. g3 Nxf3+ 20. Qxf3 Bxh3 21. b5 Bxf1
22. Kxf1 Rad8 23. bxc6 Qxc6 24. a4 Qc4+ 25. Kg1 Be5 26. Ra3 d4 27. exd4 Bxd4 28.
Bd2 Bc5 29. Ra2 Bb4 30. Rc2 Rxd2 31. Rxd2 Qxc3 0-1

[Event "MCC Online Open Championship"]
[Site "Chess.com"]
[Date "2020.12.22"]
[Round "9"]
[White "Sebastian Fengler"]
[Black "Alice Wu"]
[Result "0-1"]
[ECO "A01"]
[WhiteElo "1621"]
[BlackElo "1742"]
[TimeControl "4200+5"]
[Termination "Alice Wu won by checkmate"]

1. b3 e5 2. Bb2 Nc6 3. e3 d5 4. Bb5 Bd6 5. f4 f6 6. Qh5+ g6 7. Qh4 exf4 8. Nf3
fxe3 9. O-O h5 10. Re1 Kf7 11. Rf1 Kg7 12. Bxc6 bxc6 13. dxe3 Nh6 14. Nd4 g5 15.
Qf2 Ng4 16. Qe2 Bxh2+ 17. Kh1 Qd6 18. Nf3 Be5 19. Nc3 a5 20. Qd2 Ba6 21. Rg1 Bg3
22. Rgd1 Nf2+ 23. Kg1 Nxd1 24. Rxd1 g4 25. Nd4 Kg6 26. e4 h4 27. Nf5 Bh2+ 28.
Kh1 Qe5 29. Na4 Qxe4 30. Kxh2 Qxf5 31. Nc5 g3+ 32. Kg1 h3 33. Nxa6 h2+ 34. Kh1
Rxa6 35. Qe2 Raa8 36. Rf1 Rae8 37. Qd2 Qxf1# 0-1

[Event "MCC Online Open Championship"]
[Site "Chess.com"]
[Date "2020.12.22"]
[Round "9"]
[White "FM Rostislav Taborsky"]
[Black "Royal Buchanan"]
[Result "1-0"]
[ECO "E74"]
[WhiteElo "2257"]
[BlackElo "1985"]
[TimeControl "4200+5"]
[Termination "FM Rostislav Taborsky won by resignation"]

1. d4 Nf6 2. c4 g6 3. Nc3 Bg7 4. e4 d6 5. Be2 O-O 6. Bg5 c5 7. d5 a6 8. a4 e6 9.
Qd2 exd5 10. exd5 Re8 11. Nf3 Bg4 12. O-O Bxf3 13. Bxf3 Nbd7 14. Rae1 Ne5 15.
Be2 Qb6 16. Qc2 Rab8 17. b3 Qa5 18. h3 Kh8 19. Bd2 Qc7 20. f4 Ned7 21. Bd3 Rbd8
22. g4 Qb8 23. Qd1 Rxe1 24. Rxe1 Re8 25. Kg2 Qd8 26. g5 Ng8 27. Ne4 Rf8 28. Nxd6
f5 29. Nxb7 Qc7 30. Na5 Rc8 31. Nc6 Nb8 32. Re6 Nxc6 33. Rxc6 Qb7 34. Rxc8 Qxc8
35. Qe1 Qb8 36. Bc2 h6 37. h4 h5 38. Qe6 Kh7 39. Qxa6 Qe8 40. Qe6 Qb8 41. a5 Qa7
42. a6 Bd4 43. Ba5 Bg7 44. Kf3 Ne7 45. Qb6 Qa8 46. Qb7 Qe8 47. a7 Nc6 48. Qxc6
Qe1 49. Bxe1 1-0

[Event "MCC Online Open Championship"]
[Site "Chess.com"]
[Date "2020.12.22"]
[Round "9"]
[White "Pranav Devalapalli"]
[Black "Mark Dedona"]
[Result "0-1"]
[ECO "A40"]
[WhiteElo "1514"]
[BlackElo "2108"]
[TimeControl "4200+5"]
[Termination "Mark Dedona won by resignation"]

1. d4 e6 2. Nf3 b6 3. c4 Bb4+ 4. Bd2 Bxd2+ 5. Qxd2 Bb7 6. e3 f5 7. Nc3 Nf6 8.
Be2 O-O 9. O-O d6 10. Qc2 Nbd7 11. Nd2 a6 12. e4 fxe4 13. Ndxe4 Qe8 14. Bd3 Kh8
15. Nxf6 Nxf6 16. Ne4 Nxe4 17. Bxe4 Bxe4 18. Qxe4 Qf7 19. Rae1 Rae8 20. Re3 e5
21. d5 Qg8 22. Rd1 Rf4 23. Qd3 Ref8 24. Rd2 Qf7 25. Qc2 Qe7 26. Rh3 h6 27. Re2
Qg5 28. Rg3 Qf5 29. Qxf5 R8xf5 30. Rc3 Rd4 31. Kf1 g5 32. g3 Kg7 33. Kg2 g4 34.
h3 h5 35. b3 Kf6 36. Rce3 b5 37. Re4 Rxe4 38. Rxe4 gxh3+ 39. Kxh3 Rxf2 40. Rh4
Kg5 41. a3 Rf3 42. cxb5 Rxb3 43. bxa6 Rxa3 44. Rc4 Rxa6 45. Rxc7 Ra5 46. Rg7+
Kh6 0-1